TOP OF THE 1ST |
San Francisco Giants batting - Pitching for California Angels : RHP Danny White
|
Pitching: RHP Danny White
|
|
Batting: RHB Jason May
|
0-0: Called Strike 0-1: Ball 1-1: Ball 2-1: Ball 3-1: SINGLE (Groundball, 56S, EV 65.0 MPH) (infield hit)
|
Batting: SHB Ryan Doss
|
0-0: Called Strike 0-1: Ball 1-1: Swinging Strike 1-2: Strikes out swinging
|
Batting: LHB Jack Henningar
|
0-0: Ball 1-0: Fly out, F8 (Line Drive, 8LD, EV 89.4 MPH)
|
Batting: RHB Sean Zielinski
|
0-0: Ball 1-0: Ball 2-0: Called Strike 2-1: Foul Ball, location: 2F 2-2: Foul Ball, location: 2F 2-2: Ground out 4-3 (Groundball, 4, EV 103.1 MPH)
|
Top of the 1st over - 0 runs, 1 hit, 0 errors, 1 left on base; San Francisco 0 - California 0 |
BOTTOM OF THE 1ST |
California Angels batting - Pitching for San Francisco Giants : RHP Casey Jones
|
Pitching: RHP Casey Jones
|
|
Batting: RHB Nick Dunn
|
0-0: Fly out, F8 (Flyball, 8LS, EV 90.6 MPH)
|
Batting: RHB Preston Deakyne
|
0-0: Ball 1-0: SINGLE (Line Drive, 4D, EV 111.3 MPH)
|
Batting: SHB Aldo Questi
|
0-0: Foul Ball, location: 2F 0-1: Ball 1-1: DOUBLE (Groundball, 5L, EV 105.6 MPH) Preston Deakyne to third Runner from 3rd tries for Home, throw by LF and OUT! 7-6-2 Aldo Questi to third
|
Batting: RHB Alain Delhaye
|
0-0: Called Strike 0-1: Swinging Strike 0-2: Foul Ball, location: 2F 0-2: Ball 1-2: Strikes out swinging
|
Bottom of the 1st over - 0 runs, 2 hits, 0 errors, 1 left on base; San Francisco 0 - California 0 |
TOP OF THE 2ND |
San Francisco Giants batting - Pitching for California Angels : RHP Danny White
|
Batting: RHB Nick Rigden
|
0-0: Hit by Pitch
|
Batting: LHB John Blair
|
0-0: Ball Nick Rigden steals 2nd base (no throw) 1-0: Foul Ball, location: 2F 1-1: Ball 2-1: Foul Ball, location: 2F 2-2: Strikes out looking
|
Batting: LHB Ryan Braden
|
0-0: Called Strike 0-1: Ball 1-1: Called Strike 1-2: Ground out U3 (Groundball, 3L, EV 106.9 MPH) Nick Rigden to third
|
Batting: RHB Bobby Scholl
|
0-0: Ball 1-0: Fly out, F8 (Flyball, 8RS, EV 73.1 MPH)
|
Top of the 2nd over - 0 runs, 0 hits, 0 errors, 1 left on base; San Francisco 0 - California 0 |
BOTTOM OF THE 2ND |
California Angels batting - Pitching for San Francisco Giants : RHP Casey Jones
|
Batting: LHB Josh Cook
|
0-0: Ball 1-0: Swinging Strike 1-1: DOUBLE (Flyball, 78D, EV 102.5 MPH)
|
Batting: RHB Danny Odom
|
0-0: Called Strike 0-1: Called Strike 0-2: Ball 1-2: Foul Ball, location: 2F 1-2: Fly out, F9 (Flyball, 9LM, EV 76.3 MPH) Runner from 2nd tags up, SAFE at 3rd with throw by RF
|
Batting: RHB Curt Earnest
|
0-0: Ball 1-0: Ball 2-0: Ball 3-0: Called Strike 3-1: Foul Ball, location: 2F 3-2: Fly out, F4 (Popup, 4, EV 59.4 MPH)
|
Batting: LHB Jack Bell
|
0-0: Ball 1-0: Ball 2-0: Called Strike 2-1: Ball 3-1: Fly out, F7 (Flyball, 7D, EV 99.4 MPH)
|
Bottom of the 2nd over - 0 runs, 1 hit, 0 errors, 1 left on base; San Francisco 0 - California 0 |
TOP OF THE 3RD |
San Francisco Giants batting - Pitching for California Angels : RHP Danny White
|
Batting: SHB Bill Dooms
|
0-0: Called Strike 0-1: Swinging Strike 0-2: DOUBLE (Line Drive, 8RD, EV 103.8 MPH)
|
Batting: RHB Jason May
|
0-0: Ball 1-0: Foul Ball, location: 2F 1-1: Foul Ball, location: 2F 1-2: Ball 2-2: Ball 3-2: Foul Ball, location: 2F 3-2: Foul Ball, location: 2F 3-2: SINGLE (Groundball, 56D, EV 106.9 MPH) Bill Dooms to third
|
Batting: SHB Ryan Doss
|
0-0: Ball 1-0: Called Strike Jason May steals 2nd base (no throw) 1-1: Fly out, F8 (Flyball, 8RD, EV 102.5 MPH) Runner from 3rd tags up, SCORES, throw by CF Jason May to third
|
Batting: LHB Jack Henningar
|
0-0: Ball 1-0: Ball 2-0: Ground out U3 (Groundball, 3, EV 83.1 MPH)
|
Batting: RHB Sean Zielinski
|
0-0: Ball 1-0: Called Strike 1-1: Ball 2-1: Fly out, F8 (Line Drive, 8LD, EV 87.5 MPH)
|
Top of the 3rd over - 1 run, 2 hits, 0 errors, 1 left on base; San Francisco 1 - California 0 |
BOTTOM OF THE 3RD |
California Angels batting - Pitching for San Francisco Giants : RHP Casey Jones
|
Batting: LHB Steve Roepke
|
0-0: Fly out, F7 (Flyball, 7LS, EV 93.8 MPH)
|
Batting: RHB Nick Dunn
|
0-0: Ball 1-0: Called Strike 1-1: Swinging Strike 1-2: Foul Ball, location: 2F 1-2: Ball 2-2: Foul Ball, location: 2F 2-2: Strikes out looking
|
Batting: RHB Preston Deakyne
|
0-0: Called Strike 0-1: SINGLE (Line Drive, 5D, EV 102.5 MPH)
|
Batting: SHB Aldo Questi
|
0-0: Called Strike 0-1: Called Strike 0-2: Ball Preston Deakyne steals 2nd base (no throw) 1-2: Ball 2-2: Reached on error, E4 (Groundball, 4M, EV 87.5 MPH) Preston Deakyne to third
|
Batting: RHB Alain Delhaye
|
0-0: Foul Ball, location: 2F 0-1: Foul Ball, location: 2F 0-2: Fielders Choice at 2nd, 5-4 (Groundball, 56, EV 86.3 MPH)
|
Bottom of the 3rd over - 0 runs, 1 hit, 1 error, 2 left on base; San Francisco 1 - California 0 |
TOP OF THE 4TH |
San Francisco Giants batting - Pitching for California Angels : RHP Danny White
|
Batting: RHB Nick Rigden
|
0-0: Ball 1-0: Swinging Strike 1-1: Foul Ball, location: 2F 1-2: Strikes out swinging
|
Batting: LHB John Blair
|
0-0: Ball 1-0: Ball 2-0: Foul Ball, location: 2F 2-1: Foul Ball, location: 2F 2-2: Foul Ball, location: 2F 2-2: Ground out 2-3 (Groundball, 15S, EV 66.9 MPH)
|
Batting: LHB Ryan Braden
|
0-0: Ball 1-0: Swinging Strike 1-1: Called Strike 1-2: Strikes out swinging
|
Top of the 4th over - 0 runs, 0 hits, 0 errors, 0 left on base; San Francisco 1 - California 0 |
BOTTOM OF THE 4TH |
California Angels batting - Pitching for San Francisco Giants : RHP Casey Jones
|
Batting: LHB Josh Cook
|
0-0: Foul Ball, location: 2F 0-1: Ground out 4-3 (Groundball, 34D, EV 91.9 MPH)
|
Batting: RHB Danny Odom
|
0-0: Ball 1-0: Foul Ball, location: 2F 1-1: Called Strike 1-2: Ball 2-2: Ball 3-2: Ground out 6-3 (Groundball, 6, EV 85.0 MPH)
|
Batting: RHB Curt Earnest
|
0-0: Ball 1-0: Ball 2-0: Fly out, F8 (Flyball, 8LD, EV 90.0 MPH)
|
Bottom of the 4th over - 0 runs, 0 hits, 0 errors, 0 left on base; San Francisco 1 - California 0 |
TOP OF THE 5TH |
San Francisco Giants batting - Pitching for California Angels : RHP Danny White
|
Batting: RHB Bobby Scholl
|
0-0: Called Strike 0-1: Called Strike 0-2: Foul Ball, location: 2F 0-2: Ball 1-2: Foul Ball, location: 2F 1-2: DOUBLE (Line Drive, 89M, EV 111.9 MPH)
|
Batting: SHB Bill Dooms
|
0-0: Called Strike 0-1: Swinging Strike 0-2: Ball 1-2: Foul Ball, location: 2F 1-2: Strikes out swinging
|
Batting: RHB Jason May
|
0-0: Called Strike 0-1: Foul Ball, location: 2F 0-2: Ball 1-2: Fly out, F2 (Popup, 5SF, EV 90.0 MPH)
|
Batting: SHB Ryan Doss
|
0-0: Ball 1-0: Foul Ball, location: 2F 1-1: 2-RUN HOME RUN (Flyball, 89XD, EV 106.3 MPH), Distance : 412 ft
|
Batting: LHB Jack Henningar
|
0-0: Called Strike 0-1: Ground out 3-1 (Groundball, 34, EV 100.6 MPH)
|
Top of the 5th over - 2 runs, 2 hits, 0 errors, 0 left on base; San Francisco 3 - California 0 |
BOTTOM OF THE 5TH |
California Angels batting - Pitching for San Francisco Giants : RHP Casey Jones
|
Batting: LHB Jack Bell
|
0-0: Called Strike 0-1: Ball 1-1: Ball 2-1: Called Strike 2-2: Fly out, F4 (Popup, 4, EV 70.6 MPH)
|
Batting: LHB Steve Roepke
|
0-0: Ball 1-0: Foul Ball, location: 2F 1-1: Foul Ball, location: 2F 1-2: Foul Ball, location: 2F 1-2: Foul Ball, location: 2F 1-2: Foul Ball, location: 2F 1-2: Strikes out looking
|
Batting: RHB Nick Dunn
|
0-0: Ball 1-0: Ground out 6-3 (Groundball, 6, EV 105.6 MPH)
|
Bottom of the 5th over - 0 runs, 0 hits, 0 errors, 0 left on base; San Francisco 3 - California 0 |
TOP OF THE 6TH |
San Francisco Giants batting - Pitching for California Angels : RHP Danny White
|
Pitching: RHP Joe Beam
|
|
Batting: RHB Sean Zielinski
|
0-0: Swinging Strike 0-1: Ball 1-1: Fly out, F8 (Flyball, 89M, EV 75.0 MPH)
|
Batting: RHB Nick Rigden
|
0-0: Called Strike 0-1: SINGLE (Line Drive, 4D, EV 98.1 MPH)
|
Batting: LHB John Blair
|
0-0: Ball 1-0: Fielders Choice at 2nd, 6-4 (Groundball, 6MD, EV 101.9 MPH)
|
Batting: LHB Ryan Braden
|
0-0: SINGLE (Groundball, 4, EV 103.1 MPH) John Blair to second
|
Batting: RHB Bobby Scholl
|
0-0: Ball 1-0: Ball 2-0: Called Strike 2-1: Ball 3-1: Fly out, F7 (Flyball, 7, EV 86.9 MPH)
|
Top of the 6th over - 0 runs, 2 hits, 0 errors, 2 left on base; San Francisco 3 - California 0 |
BOTTOM OF THE 6TH |
California Angels batting - Pitching for San Francisco Giants : RHP Casey Jones
|
Batting: RHB Preston Deakyne
|
0-0: SINGLE (Groundball, 56D, EV 96.9 MPH)
|
Batting: SHB Aldo Questi
|
0-0: Foul Ball, location: 2F 0-1: Fielders Choice at 2nd, 3-6 (Groundball, 34S, EV 85.0 MPH)
|
Batting: RHB Alain Delhaye
|
0-0: Ball 1-0: Grounds into double play, 4-6-3 (Groundball, 4, EV 103.8 MPH)
|
Bottom of the 6th over - 0 runs, 1 hit, 0 errors, 0 left on base; San Francisco 3 - California 0 |
TOP OF THE 7TH |
San Francisco Giants batting - Pitching for California Angels : RHP Joe Beam
|
Pitching: RHP Austin Maki
|
|
Batting: SHB Bill Dooms
|
0-0: Called Strike 0-1: Ground out 6-3 (Groundball, 56, EV 91.9 MPH)
|
Batting: RHB Jason May
|
0-0: Ball 1-0: Ball 2-0: Swinging Strike 2-1: Ball 3-1: Fly out, F8 (Flyball, 8RD, EV 95.6 MPH)
|
Batting: SHB Ryan Doss
|
0-0: Foul Ball, location: 2F 0-1: Foul Ball, location: 2F 0-2: SINGLE (Groundball, 34S, EV 74.4 MPH) (infield hit)
|
Batting: LHB Jack Henningar
|
0-0: Called Strike 0-1: Ball 1-1: Called Strike Ryan Doss steals 2nd base (no throw) 1-2: Foul Ball, location: 2F 1-2: Foul Ball, location: 2F 1-2: Foul Ball, location: 2F 1-2: Foul Ball, location: 2F 1-2: Ball 2-2: Fly out, F8 (Flyball, 8LXD, EV 90.0 MPH)
|
Top of the 7th over - 0 runs, 1 hit, 0 errors, 1 left on base; San Francisco 3 - California 0 |
BOTTOM OF THE 7TH |
California Angels batting - Pitching for San Francisco Giants : RHP Casey Jones
|
Batting: LHB Josh Cook
|
0-0: Ball 1-0: Foul Ball, location: 2F 1-1: Ball 2-1: Called Strike 2-2: Strikes out swinging
|
Batting: RHB Danny Odom
|
0-0: Called Strike 0-1: Fly out, F9 (Flyball, 9LS, EV 84.4 MPH)
|
Batting: RHB Curt Earnest
|
0-0: Ball 1-0: Called Strike 1-1: Ball 2-1: Ground out 4-3 (Groundball, 4, EV 92.5 MPH)
|
Bottom of the 7th over - 0 runs, 0 hits, 0 errors, 0 left on base; San Francisco 3 - California 0 |
TOP OF THE 8TH |
San Francisco Giants batting - Pitching for California Angels : RHP Austin Maki
|
Pitching: RHP Joe Butler
|
|
Batting: RHB Sean Zielinski
|
0-0: Ball 1-0: Ball 2-0: Ball 3-0: Base on Balls
|
Batting: RHB Nick Rigden
|
0-0: Ball 1-0: Reached on error, E5 (Groundball, 15, EV 86.9 MPH) Sean Zielinski to second
|
Batting: LHB John Blair
|
0-0: Fielders Choice at 2nd, 4-6 (Groundball, 4, EV 91.3 MPH) Sean Zielinski to third
|
Batting: LHB Ryan Braden
|
0-0: Called Strike 0-1: Ball 1-1: Fly out, F6 (Popup, 6MS, EV 73.8 MPH)
|
Batting: RHB Bobby Scholl
|
0-0: SINGLE (Groundball, 6MD, EV 102.5 MPH) Sean Zielinski scores John Blair to second Runner from 2nd tries for 3rd, SAFE, throw by CF made to third Bobby Scholl to second
|
Batting: SHB Bill Dooms
|
0-0: Called Strike 0-1: Called Strike 0-2: Ball 1-2: Ball Wild Pitch! John Blair scores Bobby Scholl to third 2-2: Ball 3-2: Fly out, F7 (Flyball, 7LS, EV 86.3 MPH)
|
Top of the 8th over - 2 runs, 1 hit, 1 error, 1 left on base; San Francisco 5 - California 0 |
BOTTOM OF THE 8TH |
California Angels batting - Pitching for San Francisco Giants : RHP Casey Jones
|
Batting: LHB Jack Bell
|
0-0: Ball 1-0: Swinging Strike 1-1: Ground out 6-3 (Groundball, 6, EV 88.1 MPH)
|
Batting: LHB Steve Roepke
|
0-0: Called Strike 0-1: Fly out, F1 (Line Drive, P, EV 68.1 MPH)
|
Batting: RHB Nick Dunn
|
0-0: Ball 1-0: Called Strike 1-1: DOUBLE (Line Drive, 9LM, EV 88.1 MPH)
|
Pitching: LHP Tyler Stancil
|
|
Batting: RHB Preston Deakyne
|
0-0: Foul Ball, location: 2F 0-1: Ball 1-1: Called Strike 1-2: Fly out, F8 (Flyball, 8LD, EV 86.9 MPH)
|
Bottom of the 8th over - 0 runs, 1 hit, 0 errors, 1 left on base; San Francisco 5 - California 0 |
TOP OF THE 9TH |
San Francisco Giants batting - Pitching for California Angels : RHP Joe Butler
|
Batting: RHB Jason May
|
0-0: Ball 1-0: Ball 2-0: Called Strike 2-1: Foul Ball, location: 2F 2-2: Foul Ball, location: 2F 2-2: Ball 3-2: Base on Balls
|
Pitching: LHP Nick Yarbrough
|
|
Batting: SHB Ryan Doss
|
0-0: Called Strike 0-1: Ball 1-1: Foul Ball, location: 2F 1-2: Strikes out swinging
|
Batting: LHB Jack Henningar
|
0-0: Foul Ball, location: 2F 0-1: Fielders Choice at 2nd, U6 (Groundball, 4M, EV 83.1 MPH)
|
Batting: RHB Sean Zielinski
|
0-0: Ball 1-0: Swinging Strike 1-1: Called Strike 1-2: SINGLE (Groundball, 56, EV 106.3 MPH) (infield hit) Jack Henningar to second
|
Batting: RHB Nick Rigden
|
0-0: SINGLE (Groundball, 4D, EV 95.0 MPH) Jack Henningar to third Sean Zielinski to second Runner from 3rd tries for Home, SAFE, throw by CF to home
|
Batting: LHB John Blair
|
0-0: Called Strike 0-1: Ground out 5-3 (Groundball, 56S, EV 94.4 MPH)
|
Top of the 9th over - 1 run, 2 hits, 0 errors, 2 left on base; San Francisco 6 - California 0 |
BOTTOM OF THE 9TH |
California Angels batting - Pitching for San Francisco Giants : LHP Tyler Stancil
|
Batting: SHB Aldo Questi
|
0-0: Ball 1-0: Ball 2-0: Ball 3-0: Called Strike 3-1: Foul Ball, location: 2F 3-2: Foul Ball, location: 2F 3-2: Foul Ball, location: 2F 3-2: Base on Balls
|
Batting: RHB Alain Delhaye
|
0-0: Ball 1-0: Foul Ball, location: 2F 1-1: Called Strike 1-2: Strikes out swinging
|
Pinch Hitting: RHB Dietmar Warmisch
|
0-0: Ball 1-0: Ball 2-0: Ball 3-0: Base on Balls Aldo Questi to second
|
Pitching: RHP Andrew Kindig
|
|
Batting: RHB Danny Odom
|
0-0: Ball 1-0: Fly out, F3 (Popup, 34, EV 60.6 MPH)
|
Batting: RHB Curt Earnest
|
0-0: Foul Ball, location: 2F 0-1: Foul Ball, location: 2F 0-2: Fly out, F7 (Line Drive, 7, EV 89.4 MPH)
|
Bottom of the 9th over - 0 runs, 0 hits, 0 errors, 2 left on base; San Francisco 6 - California 0 |
|